 Dungeon Crawl Stone Soup version 0.30-a0-335-ge5acde7520 (webtiles) character file.

Game seed: 4163442012229924520

20302 gruber the Destroyer (level 12, -8/101 HPs)
             Began as a Yellow Draconian Conjurer on Oct 30, 2022.
             Was a Priest of Vehumet.
             Mangled by a skeletal warrior
             ... wielding a +0 trident
              (18 damage)
             ... on level 12 of the Dungeon.
             The game lasted 00:21:35 (14500 turns).

gruber the Destroyer (Yellow Draconian Conjurer)   Turns: 14500, Time: 00:21:36

Health: -8/101     AC: 20    Str: 11    XL:     12   Next: 44%
Magic:  14/35      EV: 14    Int: 27    God:    Vehumet [***...]
Gold:   773        SH:  0    Dex: 10    Spells: 22/29 levels left

rFire   . . .      SeeInvis .    E - +8 whip "Snakebite" {venom, curare, rPois}
rCold   . . .      Faith    .    (no shield)
rNeg    + . .      Spirit   .    (body armour unavailable)
rPois   +          Reflect  .    J - +3 hat of Pondering {ponderous, Will+ MP+10 Int+5}
rElec   .          Harm     .    m - +0 cloak
rCorr   +          Rampage  .    w - +0 pair of gloves
Will    +....                    M - +2 pair of boots
Stlth   ++........               (no amulet)
HPRegen 0.36/turn                p - ring of positive energy
MPRegen 0.24/turn                L - +4 ring of protection

@: slow
A: spit acid, AC +8, unfitting armour, cold-blooded, acid resistance
a: Breathe Acid, Renounce Religion


You were on level 12 of the Dungeon.
You worshipped Vehumet.
Vehumet was most pleased with you.
You visited 2 branches of the dungeon, and saw 13 of its levels.
You also visited: Sewer.

You collected 773 gold pieces.

Inventory:

Hand Weapons
 E - the +8 whip "Snakebite" (weapon) {venom, curare, rPois}
   (You found it on level 11 of the Dungeon)

   It poisons the flesh of those it strikes.
   It occasionally inflicts asphyxiating poison on those it strikes, dealing
   poison damage and causing slowness.
   rPois:     It protects you from poison.
 G - the +4 mace "Imohizoloxt" {flame, rElec MP+9 Dex+3 Stlth+}
   (You found it on level 7 of the Dungeon)

   It burns those it strikes, dealing additional fire damage.
   Dex:       It affects your dexterity (+3).
   rElec:     It insulates you from electricity.
   MP:        It affects your magic capacity (+9).
   Stlth:     It makes you more stealthy.
Missiles
 I - a throwing net
Armour
 m - a +0 cloak (worn)
 w - a +0 pair of gloves (worn)
 J - the +3 hat of Pondering (worn) {ponderous, Will+ MP+10 Int+5}
   (You took it off Gastronok on level 8 of the Dungeon)

   Int:       It affects your intelligence (+5).
   MP:        It affects your magic capacity (+10).
   Will:      It increases your willpower.
 M - a +2 pair of boots (worn)
Magical Staves
 t - a staff of poison
Jewellery
 p - a ring of positive energy (left hand)
 L - a +4 ring of protection (right hand)
Wands
 r - a wand of roots (25)
 s - a wand of flame (26)
 F - a wand of paralysis (17)
 K - a wand of quicksilver (10)
Scrolls
 d - 17 scrolls of identify {unknown}
 f - 6 scrolls of teleportation {unknown}
 h - 2 scrolls of vulnerability {unknown}
 i - 3 scrolls of enchant armour {unknown}
 n - 3 scrolls of enchant weapon {unknown}
 u - 2 scrolls of poison {unknown}
 v - 2 scrolls of noise {unknown}
 x - 6 scrolls of fog {unknown}
 y - 4 scrolls of blinking {unknown}
 z - 3 scrolls of magic mapping {unknown}
 A - 3 scrolls of immolation {unknown}
 D - 2 scrolls of fear {unknown}
Potions
 a - 4 potions of magic
 b - 2 potions of degeneration {unknown}
 c - 9 potions of brilliance {unknown}
 e - 4 potions of mutation {unknown}
 g - 6 potions of curing
 j - 6 potions of resistance {unknown}
 k - a potion of berserk rage {unknown}
 l - 4 potions of flight {unknown}
 o - 2 potions of attraction {unknown}
 q - 4 potions of haste {unknown}
 B - 2 potions of heal wounds {unknown}
 C - a potion of cancellation {unknown}
 H - 3 potions of might {unknown}
 N - 2 potions of invisibility {unknown}
 O - a potion of lignification {unknown}


   Skills:
 - Level 8.0 Fighting
 * Level 7.9 Maces & Flails
 - Level 8.2 Dodging
 - Level 1.7 Stealth
 - Level 9.2 Spellcasting
 - Level 13.0 Conjurations


You had 22 spell levels left.
You knew the following spells:

 Your Spells              Type           Power      Damage    Failure   Level
a - Magic Dart            Conj           100%       1d8       0%          1
b - Searing Ray           Conj           100%       2d8       1%          2
c - Iskenderun's Mystic   Conj/Tloc      47%        2d10      1%          4

Your spell library contained the following spells:

 Spells                   Type           Power      Damage    Failure   Level
 Flame Wave               Conj/Fire      47%        2d12      1%          4
 Dazzling Flash           Conj/Hex       94%        N/A       1%          3
 Hailstorm                Conj/Ice       47%        3d11      1%          3
 Mephitic Cloud           Conj/Pois/Air  36%        N/A       1%          3
 Fulminant Prism          Conj/Hex       23%        3d12      1%          4
 Slow                     Hex            48%        N/A       4%          1
 Conjure Ball Lightning   Conj/Air       23%        3x3d6     13%         6
 Confusing Touch          Hex            12%        N/A       14%         3
 Portal Projectile        Hex/Tloc       24%        N/A       14%         3
 Tukima's Dance           Hex            12%        N/A       14%         3
 Vampiric Draining        Necr           12%        2d6       14%         3
 Ice Form                 Ice/Tmut       12%        N/A       43%         4
 Blade Hands              Tmut           6%         N/A       78%         5
 Simulacrum               Ice/Necr       6%         N/A       100%        6
 Animate Armour           Summ/Erth      Unusable   N/A       N/A         4

Dungeon Overview and Level Annotations

Branches:
Dungeon (12/15)            Temple (1/1) D:7            Lair (0/5) D:8
    Orc (0/2) D:12          Sewer (visited)

Altars:
Ashenzari
Cheibriados
Dithmenos
Elyvilon
Fedhas
Gozag
Hepliaklqana
Kikubaaqudgha
Makhleb
Nemelex Xobeh
Okawaru
Qazlal
Ru
Sif Muna
Trog
Uskayaw
Vehumet
Wu Jian
Xom
Yredelemnul
Zin
The Shining One

Shops:
D:4 =   D:6 :   D:8 *   D:11 =


Innate Abilities, Weirdness & Mutations

You can spit globs of acid.
Your golden yellow scales are hard. (AC +8)
You cannot fit into any form of body armour.
You are cold-blooded and may be slowed by cold attacks.
You are resistant to acid. (rCorr)


Message History

Unknown command.
The skeletal warrior attacks as you move away!
The skeletal warrior hits you with a +0 battleaxe!
* * * LOW HITPOINT WARNING * * *
The skeletal warrior unwields a +0 war axe.
The skeletal warrior wields a +1 shortbow of freezing.
It is covered in frost.
The skeletal warrior shoots an arrow.
The arrow barely misses you.
The arrow hits the skeletal warrior!!
The arrow freezes the skeletal warrior.
You feel better.
The skeletal warrior shoots an arrow.
The arrow closely misses you.
The arrow hits the skeletal warrior!!
The arrow freezes the skeletal warrior.
The skeletal warrior is destroyed!
The skeletal warrior unwields a +1 shortbow of freezing.
The skeletal warrior wields a +0 war axe.
The skeletal warrior hits you but does no damage.
You feel better.
A skeletal warrior comes into view. It is wielding a +0 glaive.
The skeletal warrior hits you with a +0 war axe!
* * * LOW HITPOINT WARNING * * *
Unknown command.
Unknown command.
The skeletal warrior attacks as you move away!
The skeletal warrior closely misses you.
Casting: Iskenderun's Mystic Blast (mildly dangerous; 1% risk of failure)
Confirm with . or Enter, or press ? or * to list all spells.
You erupt in a blast of force!
The mystic blast hits the skeletal warrior but does no damage.
The skeletal warrior is lightly damaged.
The mystic blast hits the four-headed hydra!
The four-headed hydra is heavily wounded.
The mystic blast hits the skeletal warrior!
The skeletal warrior is moderately damaged.
The skeletal warrior is knocked back by the mystic blast.
The skeletal warrior slams into the crystal wall!
The four-headed hydra completely misses you.
The four-headed hydra misses you.
The four-headed hydra bites you but does no damage. x2
The skeletal warrior hits you from afar with a +0 trident!!
You die...

#.### ##.# ####### #.# #..
###.....####### #.# ##.
#.....#...D...# ###.#########
## #.....#######.#
#...#.......###. #..#.....#
#.# #.###...........
#..#.....####)#
#.###........###
#..####)....#z###...........##
#.....#.....#zD@..###.......#
#.....####.....#..# #.......#
#..#.... #...z...## #.......#
#..#.....####....^# #.......#
#..####..z #......###.######
#... ... ####...# #.# #..c ##
##..###.# #....#.# #..(.#.##


You could see a four-headed hydra and 3 skeletal warriors.

Vanquished Creatures
  Gastronok (D:8)
  2 two-headed ogres
  3 ugly things (D:12)
  4 oklob plants (D:10)
  3 cyclopes
  Maurice (D:8)
  An elephant (D:8)
  Joseph (D:8)
  3 gargoyles
  Maggie (D:5)
  2 unseen horrors
  Psyche (D:11)
  2 trolls
  2 hornets
  Prince Ribbit (D:5)
  Grinder (D:4)
  2 centaur simulacra (D:12)
  3 wraiths
  11 yaks
  2 shadows (D:12)
  3 wyverns
  3 hogs (D:11)
  A human (D:11)
  A golden eye (shapeshifter) (D:12)
  4 steam dragons
  7 vampire mosquitoes
  3 acid dragons
  A water moccasin (D:7)
  A floating eye (D:10)
  An orc warrior (D:7)
  2 ice beasts
  Pargi (Sewer)
  4 black bears
  An ogre (D:5)
  5 centaurs
  2 bullfrogs (D:7)
  3 kobold brigands
  2 gnoll sergeants
  A necrophage (D:5)
  3 scorpions
  5 wights (D:8)
  15 killer bees
  5 howler monkeys
  3 gnoll boudas
  4 orc priests
  A jelly (D:5)
  2 hounds (D:6)
  Jessica (D:2)
  4 iguanas
  10 orc wizards
  A statue (D:7)
  5 adders
  25 gnolls
  A shadow imp (D:7)
  A white imp (D:7)
  2 ufetubi
  2 worms
  21 orcs
  7 ball pythons
  3 endoplasms
  8 giant cockroaches
  2 goblins
  6 hobgoblins
  6 jackals
  14 kobolds
  8 quokkas
  7 bats
  7 frilled lizards
  7 rats
279 creatures vanquished.

Vanquished Creatures (others)
  A skeletal warrior (D:12)
  An orc wizard (D:5)
  2 orcs (D:9)
  5 plants
9 creatures vanquished.

Grand Total: 288 creatures vanquished

Notes
Turn   | Place    | Note
-------+----------+-------------------------------------------
     0 | D:1      | gruber the Draconian Conjurer began the quest for the Orb.
     0 | D:1      | Reached XP level 1. HP: 14/14 MP: 3/3
   326 | D:1      | Reached XP level 2. HP: 16/20 MP: 0/5
   479 | D:1      | Learned a level 2 spell: Searing Ray
  1454 | D:2      | Noticed Jessica
  1546 | D:2      | Killed Jessica
  1547 | D:2      | Reached skill level 5 in Conjurations
  1547 | D:2      | Reached XP level 3. HP: 18/26 MP: 0/6
  2110 | D:2      | Reached XP level 4. HP: 33/33 MP: 0/7
  2567 | D:3      | Found a faded altar of an unknown god.
  3382 | D:4      | Found a glowing drain.
  3394 | Sewer    | Entered a sewer
  3504 | Sewer    | Learned a level 4 spell: Iskenderun's Mystic Blast
  3589 | Sewer    | Noticed Pargi
  3607 | Sewer    | Killed Pargi
  3608 | Sewer    | Reached skill level 6 in Conjurations
  3608 | Sewer    | Reached XP level 5. HP: 32/38 MP: 1/9
  3781 | D:4      | Found Daigyqip's Jewellery Emporium.
  3837 | D:4      | Found a snail-covered altar of Cheibriados.
  3922 | D:4      | Found an iron altar of Okawaru.
  3973 | D:4      | Noticed Grinder
  3979 | D:4      | Paralysed by Grinder for 5 turns
  3985 | D:4      | Killed Grinder
  3986 | D:4      | Reached skill level 7 in Conjurations
  3986 | D:4      | Reached XP level 6. HP: 40/45 MP: 3/11
  4254 | D:5      | Entered Level 5 of the Dungeon
  4260 | D:5      | Noticed an ice beast
  4267 | D:5      | Killed an ice beast
  4375 | D:5      | Your scales start taking on a golden yellow colour.
  4375 | D:5      | Reached XP level 7. HP: 30/50 MP: 7/13
  4375 | D:5      | Gained mutation: You are resistant to acid. (rCorr) [Yellow
                  | Draconian growth]
  4475 | D:5      | Reached skill level 8 in Conjurations
  4704 | D:5      | Noticed Prince Ribbit
  4712 | D:5      | Killed Prince Ribbit
  4713 | D:5      | Reached skill level 9 in Conjurations
  4751 | D:5      | Reached XP level 8. HP: 50/57 MP: 7/14
  4810 | D:5      | Found an opulent altar of Gozag.
  4822 | D:5      | Reached skill level 1 in Fighting
  4949 | D:5      | Got the Folio of the Boiling Point
  5333 | D:6      | Noticed Maggie
  5347 | D:5      | Killed Maggie
  5548 | D:6      | Found a sparkling altar of Nemelex Xobeh.
  5587 | D:6      | Found a burning altar of Makhleb.
  5905 | D:6      | Reached XP level 9. HP: 81/81 MP: 11/15
  6003 | D:6      | Found Axutatommi's Book Shoppe.
  6800 | D:7      | Found a staircase to the Ecumenical Temple.
  6896 | Temple   | Entered the Ecumenical Temple
  7050 | D:7      | Identified the +4 mace "Imohizoloxt" {flame, rElec MP+9
                  | Dex+3 Stlth+}
  7383 | D:7      | Found a shimmering blue altar of Sif Muna.
  7498 | D:7      | Found a radiant altar of Vehumet.
  7507 | D:7      | Became a worshipper of Vehumet
  7828 | D:8      | Found Muffenut's General Store.
  7831 | D:8      | Noticed Maurice
  7848 | D:8      | Killed Maurice
  7849 | D:8      | Reached skill level 5 in Spellcasting
  7849 | D:8      | Reached skill level 10 in Conjurations
  7951 | D:8      | Noticed Joseph
  8078 | D:8      | Killed Joseph
  8340 | D:8      | Reached XP level 10. HP: 82/88 MP: 19/19
  8417 | D:8      | Reached * piety under Vehumet
  8417 | D:8      | Offered knowledge of Shock by Vehumet.
  8733 | D:8      | Noticed Gastronok
  8823 | D:8      | Found a staircase to the Lair.
  8823 | D:8      | Noticed an elephant
  8842 | D:8      | Killed an elephant
  8843 | D:8      | Reached skill level 11 in Conjurations
  9031 | D:8      | Found an ancient bone altar of Kikubaaqudgha.
  9102 | D:8      | Found a glowing golden altar of the Shining One.
  9411 | D:8      | Killed Gastronok
  9797 | D:9      | Reached skill level 12 in Conjurations
  9804 | D:9      | HP: 4/88 [something/ball of steam (15)]
  9814 | D:9      | HP: 3/88 [gnoll/stone[a gnoll sergeant] (2)]
  9818 | D:9      | Reached ** piety under Vehumet
 10199 | D:9      | Offered knowledge of Static Discharge by Vehumet.
 10223 | D:9      | Noticed a +0 dagger
 10223 | D:9      | Noticed a +0 dagger
 10225 | D:9      | Noticed a +0 falchion
 10225 | D:9      | Noticed a +0 short sword
 10225 | D:9      | Noticed a +0 spear
 10227 | D:9      | Noticed a +0 short sword
 10227 | D:9      | Noticed a +0 spear
 10228 | D:9      | Noticed a +0 falchion
 10252 | D:9      | Found a hide-covered altar of Uskayaw.
 10286 | D:9      | Noticed a two-headed ogre
 10294 | D:9      | Killed a two-headed ogre
 10295 | D:9      | Reached XP level 11. HP: 94/94 MP: 24/24
 10830 | D:10     | Entered Level 10 of the Dungeon
 10944 | D:10     | Noticed an oklob plant
 10945 | D:10     | Noticed an oklob plant
 10950 | D:10     | Paralysed by a floating eye for 2 turns
 11113 | D:10     | Noticed an oklob plant
 11114 | D:10     | Noticed an oklob plant
 11124 | D:10     | Killed an oklob plant
 11125 | D:10     | Reached skill level 5 in Dodging
 11323 | D:10     | Killed an oklob plant
 11345 | D:10     | Killed an oklob plant
 11365 | D:10     | Killed an oklob plant
 11472 | D:10     | Noticed a two-headed ogre
 11483 | D:10     | Offered knowledge of Kindle Blastsparks by Vehumet.
 11492 | D:10     | Killed a two-headed ogre
 11637 | D:10     | Reached *** piety under Vehumet
 11984 | D:10     | Found a glowing silver altar of Zin.
 12187 | D:11     | Noticed Psyche
 12196 | D:11     | Killed Psyche
 12388 | D:11     | Found Couniruycs's Jewellery Emporium.
 12406 | D:11     | Reached skill level 13 in Conjurations
 12477 | D:11     | Found the +8 whip "Snakebite" {venom, curare, rPois}
 12609 | D:11     | Reached skill level 1 in Maces & Flails
 12980 | D:11     | Noticed a fire dragon
 13355 | D:11     | Reached XP level 12. HP: 101/101 MP: 23/25
 13495 | D:12     | Offered knowledge of Flame Wave by Vehumet.
 13740 | D:12     | Reached skill level 5 in Maces & Flails
 13881 | D:12     | Found a staircase to the Orcish Mines.
 14449 | D:12     | Noticed a centaur warrior
 14484 | D:12     | Noticed a four-headed hydra
 14495 | D:12     | HP: 2/101 [skeletal warrior/+0 battleaxe (15)]
 14500 | D:12     | Mangled by a skeletal warrior

Illustrated notes

Levels and vault maps discovered:
D:1:      shiori_arrival_elements, layout_basic, minmay_pentomino_r4
D:2:      layout_basic, minmay_box_of_dots, uniq_jessica
D:3:      layout_loops_ring, dreamdust_ecumenical_altar_hidden_monk_grotto
D:4:      layout_basic, overflow_temple_1_default, okawaru_ov_weapons_minmay,
          serial_shops, kennysheep_little_box, gup_sewer_entry_pipe,
          uniq_grinder
D:5:      layout_cave_pools, old_standard_altar,
          minmay_fractal_squares_diagonal_5, uniq_prince_ribbit1
D:6:      layout_layer_cave, lemuel_round_altar, nemelex_spade_bored_becter,
          serial_shops, nicolae_diamond_shop, uniq_maggie
D:7:      layout_basic, mainiacjoe_overflow_brackets, vehumet_statue,
          minmay_temple_entry_overgrown
D:8:      layout_loops_cross, general_overflow_altar,
          mainiacjoe_overflow_24_doors, david_lair_generic, serial_shops,
          shop_statue, minmay_misc_feat_plants, uniq_joseph, uniq_maurice,
          uniq_gastronok
D:9:      layout_roguey, nicolae_uskayaw_en_pointe, palyth_stone_intersect,
          chequers_serial_rivers_micro_d, minmay_chambers_of_fives
D:10:     layout_roguey, mainiacjoe_overflow_cross_hatched, disabler_island
D:11:     layout_irregular_city, serial_shops, nicolae_shop_window_shopping,
          corexii_leaking_fountain, grunt_livestock, uniq_psyche
D:12:     minmay_stepped, layout_rooms, minmay_orc_entry_temple_small
Temple:   nicolae_temple_ecumenical_triangle

Skill      XL: |  1  2  3  4  5  6  7  8  9 10 11 12 |
---------------+-------------------------------------+-----
Conjurations   | 5 6 7 9 10 12 13 | 13.0
Spellcasting   | 3 4 6 9 |  9.2
Fighting       | 8 |  8.0
Dodging        | 4 8 |  8.2
Maces & Flails | 2 7 |  7.9
Stealth        | |  1.7

Action                   |  1- 3 |  4- 6 |  7- 9 | 10-12 || total
-------------------------+-------+-------+-------+-------++-------
Melee: Unarmed           |    49 |     1 |       |       ||    50
       Tailslap          |     2 |     6 |    14 |     9 ||    31
       Scimitar          |       |    36 |    82 |       ||   118
       Staff             |       |     7 |       |       ||     7
       Punch             |       |     1 |     4 |       ||     5
       Mace              |       |       |    21 |    35 ||    56
       Whip              |       |       |       |    34 ||    34
 Cast: Magic Dart        |    70 |    18 |    33 |    43 ||   164
       Searing Ray       |     4 |    11 |    35 |    79 ||   129
       Iskenderun's Myst |       |       |       |    85 ||    85
 Abil: Breathe Acid      |       |       |    23 |    15 ||    38
Evoke: Wand              |       |     1 |       |     1 ||     2
  Use: Potion            |     1 |       |       |     2 ||     3
 Stab: Sleeping          |       |     2 |     1 |     1 ||     4
Armor: Skin              |    14 |    36 |    85 |    92 ||   227
Dodge: Dodged            |    32 |    62 |   115 |   154 ||   363

Table legend: (Time is in decaauts)
 A = Elapsed time spent in this place.
 B = Non-inter-level travel time spent in this place.
 C = Inter-level travel time spent in this place.
 D = Time resting spent in this place.
 E = Time spent auto-exploring this place.
 F = Levels seen in this place.
 G = Mean time per level.
                   A        B        C        D        E       F      G
               +--------+--------+--------+--------+--------+-----+--------+
         Total |  14852 |  14501 |    351 |    350 |  11876 |  14 | 1060.9 |
       Dungeon |  14424 |  14081 |    343 |    350 |  11538 |  12 | 1202.0 |
        Temple |     44 |     37 |      7 |      0 |     31 |   1 |   44.0 |
         Sewer |    383 |    383 |      0 |      0 |    306 |   1 |  383.0 |
               +--------+--------+--------+--------+--------+-----+--------+

Top non-repeatable levels by time:
     D:8: 1888 daAuts
    D:10: 1409 daAuts
    D:11: 1370 daAuts
     D:1: 1231 daAuts
     D:6: 1223 daAuts
     D:9: 1187 daAuts
     D:7: 1171 daAuts
     D:5: 1170 daAuts
    D:12: 1069 daAuts
     D:2: 967 daAuts
     D:3: 868 daAuts
     D:4: 866 daAuts
   Sewer: 383 daAuts
  Temple: 44 daAuts
